[Event "M21"]
[Site "?"]
[Date "2022.08.05"]
[Round "9"]
[White "Hansen, Karsten"]
[Black "Tornberg, Carlos"]
[Result "1-0"]
[ECO "C45"]
[WhiteElo "2320"]
[BlackElo "1983"]
[Annotator ",martin-koller@seznam"]
[PlyCount "41"]
[TimeControl "240+2"]

{600MB, Fritz10.ctg} 1. e4 e5 2. Nf3 Nc6 3. d4 exd4 4. Nxd4 Bc5 5. Nb3 Bb6 6.
Nc3 d6 7. Bb5 Bd7 8. Qe2 a6 9. Bd3 Nf6 10. Bg5 h6 11. Bh4 g5 12. Bg3 Qe7 13.
O-O-O O-O-O 14. Bxa6 bxa6 15. Qxa6+ Kb8 16. Bxd6 cxd6 17. Qxb6+ Kc8 18. Nb5 Be8
19. e5 dxe5 20. Na5 Nd5 21. Qa6+ 1-0

[Event "M21"]
[Site "?"]
[Date "2022.08.05"]
[Round "9"]
[White "Shubin, Daniel"]
[Black "Gunther, Andreas"]
[Result "1/2-1/2"]
[ECO "B01"]
[WhiteElo "2120"]
[BlackElo "2088"]
[Annotator ",martin-koller@seznam"]
[PlyCount "72"]
[TimeControl "240+2"]

{600MB, Fritz10.ctg} 1. e4 d5 2. exd5 Qxd5 3. Nc3 Qa5 4. d4 Nf6 5. Bd2 Bg4 6.
Nf3 Qf5 7. Bd3 Bxf3 8. Bxf5 Bxd1 9. Rxd1 e6 10. Bh3 c6 11. O-O Be7 12. g3 O-O
13. Bg2 Rd8 14. Ne2 Na6 15. c4 Rd7 16. Ba5 Bb4 17. Bxb4 Nxb4 18. a3 Na6 19. b4
Rad8 20. Rb1 Nc7 21. a4 a6 22. Rfc1 Kf8 23. f4 Ke7 24. h3 Nfe8 25. Kf2 Nd6 26.
g4 h6 27. b5 axb5 28. axb5 cxb5 29. c5 Nc4 30. Bxb7 Na5 31. Be4 Rb8 32. Rb4 Na6
33. Rb2 Nc4 34. Ra2 Nb4 35. Raa1 Nd2 36. Bc2 Nxc2 1/2-1/2

[Event "M21"]
[Site "?"]
[Date "2022.08.05"]
[Round "9"]
[White "Prieb, Robert"]
[Black "Soural, Jan"]
[Result "1/2-1/2"]
[ECO "B38"]
[WhiteElo "2111"]
[BlackElo "2119"]
[Annotator ",martin-koller@seznam"]
[PlyCount "43"]
[TimeControl "240+2"]

{600MB, Fritz10.ctg} 1. d4 Nf6 2. Nf3 g6 3. c4 Bg7 4. Nc3 O-O 5. e4 d6 6. Be2
c5 7. O-O cxd4 8. Nxd4 Nc6 9. Be3 Bd7 10. f3 Nxd4 11. Bxd4 a5 12. Qd2 Bc6 13.
b3 Nd7 14. Be3 Nc5 15. Rab1 e6 16. a3 Be5 17. b4 axb4 18. axb4 Qh4 19. g3 Bxg3
20. Bd1 Ra3 21. bxc5 Rxc3 22. hxg3 1/2-1/2

[Event "M21"]
[Site "?"]
[Date "2022.08.05"]
[Round "9"]
[White "Lokander, Martin"]
[Black "Hogeman, Joel"]
[Result "1/2-1/2"]
[ECO "A30"]
[WhiteElo "2483"]
[BlackElo "2160"]
[Annotator ",martin-koller@seznam"]
[PlyCount "116"]
[TimeControl "240+2"]

{600MB, Fritz10.ctg} 1. c4 Nf6 2. Nc3 c5 3. g3 e6 4. Nf3 b6 5. Bg2 Bb7 6. O-O
Be7 7. b3 O-O 8. Bb2 d6 9. d4 cxd4 10. Qxd4 a6 11. Rfd1 Nbd7 12. h4 Qc7 13.
Rac1 Rac8 14. Ng5 Bxg2 15. Kxg2 Qb7+ 16. f3 Rfd8 17. Nge4 Nc5 18. g4 d5 19.
cxd5 Ncxe4 20. Nxe4 Rxd5 21. Rxc8+ Qxc8 22. Qc3 Qxc3 23. Nxc3 Rxd1 24. Nxd1 Nd5
25. h5 g6 26. hxg6 hxg6 27. Nc3 Nxc3 28. Bxc3 f5 29. Bd4 b5 30. Kf2 Bd6 31. Ke3
e5 32. Bc3 Kf7 33. Kd3 e4+ 34. Kd4 exf3 35. exf3 Ke6 36. Bd2 Be7 37. Bf4 Bb4
38. Bc7 Be7 39. Ba5 Bd6 40. Bd8 Bb4 41. Bc7 Be7 42. Bb6 Bf8 43. Bc7 Be7 44.
gxf5+ gxf5 45. Bb6 Bd6 46. Bd8 Bb4 47. Bg5 Bd6 48. Bd2 Be7 49. a4 Bd6 50. Ba5
Be7 51. Bb6 Ba3 52. Bc7 Bb4 53. axb5 axb5 54. Bb6 Bd6 55. Bd8 Bb4 56. Bc7 Ba3
57. Ba5 Bd6 58. Bd8 Ba3 1/2-1/2

[Event "K21"]
[Site "?"]
[Date "2022.08.05"]
[Round "9"]
[White "Vesely, Jaromir"]
[Black "Ekberg, Karl"]
[Result "0-1"]
[ECO "E53"]
[WhiteElo "1929"]
[BlackElo "1951"]
[Annotator ",martin-koller@seznam"]
[PlyCount "30"]
[TimeControl "240+2"]

{600MB, Fritz10.ctg} 1. d4 Nf6 2. c4 e6 3.
Nc3 Bb4 4. e3 O-O 5. Bd3 d5 6. a3 Bxc3+ 7. bxc3 dxc4 8. Bxc4 c5 9. Nf3 Qc7 10.
Qe2 cxd4 11. cxd4 b5 12. Ba2 Qc3+ 13. Qd2 Qxa1 14. O-O Bb7 15. Bb3 Ne4 0-1

[Event "K21"]
[Site "?"]
[Date "2022.08.05"]
[Round "9"]
[White "Karas, Eugenia"]
[Black "Nelson, Wayne"]
[Result "1-0"]
[ECO "D13"]
[WhiteElo "1844"]
[BlackElo "1895"]
[Annotator ",martin-koller@seznam"]
[PlyCount "121"]
[TimeControl "240+2"]

{600MB, Fritz10.ctg} 1. d4 c6 2. c4 d5 3. cxd5 cxd5 4. Nf3 Nc6 5. Nc3 Nf6 6.
Bf4 a6 7. e3 e6 8. Rc1 Bd6 9. Bxd6 Qxd6 10. Bd3 O-O 11. O-O h6 12. Bb1 Bd7 13.
Na4 e5 14. dxe5 Nxe5 15. Nxe5 Qxe5 16. Nb6 Rad8 17. Nxd7 Rxd7 18. Qc2 Re8 19.
Rfd1 g6 20. Rd4 Kg7 21. a3 h5 22. h3 Ne4 23. Rcd1 Nf6 24. Qa4 Qc7 25. Qc2 Qe5
26. Qa4 Qc7 27. Ba2 Kg8 28. Rf4 Qe5 29. Qd4 Qxd4 30. Rfxd4 Rc8 31. f3 Rc2 32.
R1d2 Rdc7 33. Bxd5 Rxd2 34. Rxd2 Rc1+ 35. Kh2 Nxd5 36. Rxd5 Rc2 37. b4 Rc3 38.
a4 Rb3 39. Rd4 Rxe3 40. Rd7 Ra3 41. a5 Rb3 42. Rxb7 Kg7 43. Rb6 h4 44. Rxa6
Rxb4 45. Rb6 Ra4 46. a6 Ra1 47. g4 hxg3+ 48. Kxg3 Kh6 49. Kf4 Ra3 50. Ke4 Kg5
51. Kd5 Rxf3 52. Kc6 Rxh3 53. Rb5+ f5 54. Ra5 Rh7 55. a7 Rxa7 56. Rxa7 f4 57.
Kd5 Kg4 58. Ke4 g5 59. Ra3 Kh5 60. Kf3 Kh4 61. Ra1 1-0

[Event "K21"]
[Site "?"]
[Date "2022.08.05"]
[Round "9"]
[White "Husa, Daniel"]
[Black "Schoenmakers, Nico"]
[Result "1/2-1/2"]
[ECO "E11"]
[WhiteElo "1843"]
[BlackElo "1816"]
[Annotator ",martin-koller@seznam"]
[PlyCount "75"]
[TimeControl "240+2"]

{600MB, Fritz10.ctg} 1. d4 d5 2. c4 e6 3. Nf3 c6 4. g3 Nf6 5. Bg2 Bb4+ 6. Bd2
Bxd2+ 7. Nbxd2 O-O 8. O-O Qb6 9. Qb3 Qxb3 10. axb3 Nbd7 11. Rfe1 Re8 12. e4
dxe4 13. Nxe4 Nxe4 14. Rxe4 Nf6 15. Ree1 a6 16. Ne5 Rd8 17. Rad1 Kf8 18. c5 Bd7
19. Nc4 Rab8 20. f4 g6 21. Bf3 Kg7 22. g4 Nd5 23. Bxd5 exd5 24. Ne5 Be6 25. Rd3
Re8 26. Rde3 Kf8 27. h3 Rbd8 28. Kg2 Bc8 29. Nd3 Rxe3 30. Rxe3 Be6 31. Ne5 a5
32. Re1 Ra8 33. Kg3 Ra6 34. Ra1 b5 35. Nd3 Bd7 36. Kg2 f6 37. b4 a4 38. Kg3
1/2-1/2

[Event "K21"]
[Site "?"]
[Date "2022.08.05"]
[Round "9"]
[White "Oelmann, Henry"]
[Black "Rutsatz, Mario"]
[Result "1-0"]
[ECO "A37"]
[WhiteElo "1952"]
[BlackElo "1898"]
[Annotator ",martin-koller@seznam"]
[PlyCount "120"]
[TimeControl "240+2"]

{600MB, Fritz10.ctg} 1. Nf3 c5 2. c4 g6 3. Nc3 Bg7 4. g3 Nc6 5. Bg2 d6 6. d3 e5
7. h3 Nge7 8. O-O O-O 9. a3 a5 10. Rb1 Rb8 11. Ne1 Be6 12. e4 Qd7 13. Kh2 f5
14. Nd5 b5 15. Bg5 h6 16. Bxe7 Nxe7 17. b3 f4 18. g4 Nxd5 19. exd5 Bf7 20. Be4
Bf6 21. Ng2 Qe7 22. Qe1 b4 23. a4 Bh4 24. Rg1 Be8 25. Qe2 Qf6 26. Ne1 Rb7 27.
Nf3 Rg7 28. Rg2 Kf7 29. Rbg1 Ke7 30. Nd2 Rh8 31. Bf3 Kd8 32. Ne4 Qe7 33. Re1
Bd7 34. Qf1 Bc8 35. Nd2 Qd7 36. Rg1 Kc7 37. Ne4 Qe7 38. Qg2 Bg5 39. d4 cxd4 40.
c5 Rd8 41. cxd6+ Rxd6 42. Rc1+ Kd8 43. Nxd6 Qxd6 44. Rc6 Qb8 45. d6 Rd7 46.
Rgc1 Rxd6 47. Rxc8+ Qxc8 48. Rxc8+ Kxc8 49. Be2 d3 50. Qa8+ Kd7 51. Bd1 Bd8 52.
Kg2 Rd4 53. Qa6 Rd6 54. Qb5+ Ke6 55. Kf3 g5 56. Qe8+ Be7 57. Qg6+ Kd5 58. Qxd3+
Ke6 59. Qf5+ Kd5 60. Be2 Bf6 1-0